 Dungeon Crawl Stone Soup version 0.16.1-4-g8e1b745 (console) character file.

10 gw the Chucker (level 2, -1/16 HPs)
             Began as a Tengu Arcane Marksman on Mar 27, 2015.
             Slain by a rat (2 damage)
             ... on level 1 of the Dungeon.
             The game lasted 00:00:27 (671 turns).

gw the Chucker (Tengu Arcane Marksman)               Turns: 671, Time: 00:00:27

Health: -1/16      AC:  2    Str: 11    XL:     2   Next: 20%
Magic:  0/4        EV: 12    Int: 13    God:
Gold:   20         SH:  0    Dex: 13    Spells: 1 memorised, 2 levels left

rFire  . . .     SeeInvis .     b - +0 club
rCold  . . .     Clarity  .     a - +0 robe
rNeg   . . .     SustAb   .     (no shield)
rPois  .         Gourm    .     (helmet restricted)
rElec  .         Spirit   .     (no cloak)
rCorr  .         Warding  .     (no gloves)
rMut   .         Stasis   .     (boots unavailable)
MR     .....                    (no amulet)
Stlth  +.........               (no ring)
                                (no ring)

@: not resistant to hostile enchantments, very unstealthy
A: beak, talons 3
a: no special abilities


You were on level 1 of the Dungeon.
You were not hungry.

You visited 1 branch of the dungeon, and saw 1 of its levels.

You collected 20 gold pieces.

Inventory:

Hand weapons
 b - a +0 club (weapon)
Missiles
 c - 2 throwing nets
 h - 5 javelins (quivered)
Armour
 a - a +0 robe (worn)
Scrolls
 e - a scroll of noise {unknown}
 g - a scroll of recharging {unknown}
 i - a scroll of teleportation {unknown}
 l - a scroll of identify {unknown}
Potions
 j - a potion of lignification {unknown}
Books
 d - a book of Debilitation

   Spells                             Type                      Level
   a - Corona                         Hexes                        1
   b - Slow                           Hexes                        2
   c - Inner Flame                    Hexes/Fire                   3
   d - Enslavement                    Hexes                        4
   e - Cause Fear                     Hexes                        4
   f - Leda's Liquefaction            Hexes/Earth                  4
Comestibles
 f - a bread ration
 k - a royal jelly


   Skills:
 + Level 1.3 Fighting
 + Level 0.2 Maces & Flails
 + Level 2.3 Throwing
 + Level 2.1 Dodging
 * Level 1.3 Spellcasting
 + Level 2.3 Hexes


You had 2 spell levels left.
You knew the following spells:

 Your Spells              Type           Power        Failure   Level  Hunger
a - Corona                Hex            #......      12%         1    ##.....


Dungeon Overview and Level Annotations

Branches:
Dungeon (1/15)

Altars:


Innate Abilities, Weirdness & Mutations

You have a beak for a mouth.
You have claws for feet.


Message History

Unknown command.
ATTACKING (1,0)
You closely miss the kobold. The kobold hits you.
Unknown command.
Unknown command.
Unknown command.
Unknown command.
ATTACKING (1,0)
You hit the kobold. Your peck misses the kobold.
The kobold is almost dead.
The kobold hits you but does no damage.
Unknown command.
Unknown command.
Unknown command.
Unknown command.
ATTACKING (1,0)
You hit the kobold.
You kill the kobold!
The rat bites you.
You die...

#.# #.# #.......#
#.# #.# #..####.#
... ..# #.......#
#.# #####'#######
#.....#
#.....######
#........(.# #####
####'#####.#.......
#.##Qrl.........
####%##%########
....#.# #.....#l.
#.........
##.........
#.....#....
#.....###. ....


You could see a giant gecko and a rat.

Table legend:
 A = Turns spent in this place as a percentage of turns spent in the entire game.
 B = Non-inter-level travel turns spent in this place as a percentage of non-inter-level travel turns spent in the entire game.
 C = Inter-level travel turns spent in this place as a percentage of turns spent in this place.
 D = Turns resting spent in this place as a percentage of non-inter-level travel turns spent in this place.
 E = Turns spent auto-exploring this place as a percentage of non-inter-level travel turns spent in this place.
 F = Non-inter-level travel turns spent in this place divided by the number of levels of this place that you've seen.
                   A       B       C       D       E      F
               +-------+-------+-------+-------+-------+----------------------
         Total | 100.0 | 100.0 |   0.0 |   3.0 |   3.0 | 596.0
       Dungeon | 100.0 | 100.0 |   0.0 |   3.0 |   3.0 | 596.0
               +-------+-------+-------+-------+-------+----------------------

Table legend:
 A = Kills in this place as a percentage of kills in entire the game.
 B = Kills by you in this place as a percentage of kills by you in the entire game.
 C = Kills by friends in this place as a percentage of kills by friends in the entire game.
 D = Other kills in this place as a percentage of other kills in the entire game.
 E = Experience gained in this place as a percentage of experience gained in the entire game.
 F = Experience gained in this place divided by the number of levels of this place that you have seen.
                   A       B       C       D       E      F
               +-------+-------+-------+-------+-------+----------------------
         Total | 100.0 | 100.0 |  -nan |  -nan | 100.0 |  15.0
       Dungeon | 100.0 | 100.0 |  -nan |  -nan | 100.0 |  15.0
               +-------+-------+-------+-------+-------+----------------------

Vanquished Creatures
  A giant gecko (D:1)
  A goblin (D:1)
  A hobgoblin (D:1)
  2 kobolds (D:1)
  A bat (D:1)
  2 giant newts (D:1)
  A rat (D:1)
9 creatures vanquished.

Notes
Turn   | Place    | Note
--------------------------------------------------------------
     0 | D:1      | gw, the Tengu Arcane Marksman, began the quest for the Orb.
     0 | D:1      | Reached XP level 1. HP: 12/12 MP: 2/2
   661 | D:1      | Reached XP level 2. HP: 10/16 MP: 0/4
   671 | D:1      | Slain by a rat

Action                   || total
-------------------------++-------
Melee: Club              ||    12
Throw: Javelin           ||     6
 Cast: Corona            ||    10

Vault maps used:
D:1:      minmay_arrival_nine_rooms, minmay_misc_feat_chi
